[Event "Titled Tuesday Blitz February 07 Early 2023"]
[White "Ingebretsen, Jens E"]
[Black "Szyszylo, Rafal"]
[WhiteFideId "1522965"]
[BlackFideId "1109626"]
[WhiteElo "2342"]
[BlackElo "2091"]
[Result "1-0"]
[Round "04"]
[TimeControl "180+2"]
[Date "2023.02.07"]
[WhiteClock "0:00:10"]
[BlackClock "0:00:03"]

1. a3 g6 2. c4 Bg7 3. Nf3 d6 4. g3 e5 5. Bg2 Nc6 6. d3 Bg4 7. O-O f5 8. Nc3 Nge7 9. h3 Bxf3 10. Bxf3 Rb8 11. e3 O-O 12. Bg2 a5 13. Nd5 Kh8 14. Rb1 Qd7 15. b4 axb4 16. axb4 Ng8 17. Bb2 Nce7 18. Qc2 c6 19. Nxe7 Qxe7 20. Rbe1 Nf6 21. f4 Rbe8 22. c5 exf4 23. gxf4 d5 24. Be5 Ra8 25. Ra1 Nh5 26. d4 Ng3 27. Rfb1 Ne4 28. b5 Qh4 29. Bxe4 fxe4 30. Qg2 Bxe5 31. dxe5 cxb5 32. Rxa8 Rxa8 33. Qg4 Qe7 34. Rxb5 Ra1+ 35. Kh2 Ra2+ 36. Kg3 Ra3 37. Qc8+ Kg7 38. Rxb7 Rxe3+ 39. Kf2 Rf3+ 40. Kg2 Qxb7 41. Qxb7+ Kh6 42. c6 Rxf4 43. c7 e3 44. c8=Q e2 45. Qc1 g5 46. Qxd5 Rf1 47. Qxf1 exf1=Q+ 48. Kxf1 1-0


[Site "https://www.chess.com"]

[Event "Titled Tuesday Blitz February 07 Early 2023"]
[White "Da Silva Junior, Sediney Mari"]
[Black "Borrmann, Laurenz"]
[WhiteFideId "2132079"]
[BlackFideId "312187930"]
[WhiteElo "2010"]
[BlackElo "2304"]
[Result "0-1"]
[Round "04"]
[TimeControl "180+2"]
[Date "2023.02.07"]
[WhiteClock "0:00:49"]
[BlackClock "0:00:03"]

1. e4 c6 2. d4 d5 3. f3 dxe4 4. fxe4 e5 5. Nf3 Bg4 6. Bc4 Nd7 7. O-O Bh5 8. dxe5 Qb6+ 9. Kh1 Nxe5 10. Be2 Bxf3 11. Bxf3 Nf6 12. Qd2 Be7 13. Qg5 Nxf3 14. Rxf3 O-O-O 15. Nc3 Nxe4 16. Qf5+ Kb8 17. Qxe4 Rhe8 18. Qg4 Bf6 19. Bf4+ Ka8 20. Bg5 Qxb2 21. Raf1 Bxc3 22. Bxd8 Rxd8 23. Rxf7 a6 24. h3 Qxa2 25. Rf8 Rxf8 26. Rxf8+ Ka7 27. Qe2 Qa1+ 28. Kh2 Be5+ 29. g3 Qd4 30. Qf2 Qxf2+ 31. Rxf2 a5 32. c4 a4 33. Kg2 b5 34. cxb5 cxb5 35. Kf3 a3 36. g4 Bb2 0-1


[Site "https://www.chess.com"]

[Event "Titled Tuesday Blitz February 07 Early 2023"]
[White "Prieto Aranguren, Alain"]
[Black "Seletsky, Grigory"]
[WhiteFideId "2268906"]
[BlackFideId "14112191"]
[WhiteElo "2258"]
[BlackElo "2259"]
[Result "1/2-1/2"]
[Round "04"]
[TimeControl "180+2"]
[Date "2023.02.07"]
[WhiteClock "0:00:16"]
[BlackClock "0:00:14"]

1. d4 Nf6 2. c4 d6 3. Nf3 Nbd7 4. Nc3 e5 5. e4 Be7 6. d5 Nc5 7. Qc2 a5 8. Be2 O-O 9. O-O Ne8 10. Re1 f5 11. Nd2 Bg5 12. exf5 Bxd2 13. Bxd2 Bxf5 14. Qd1 Nf6 15. Be3 b6 16. Bxc5 bxc5 17. Bd3 Qd7 18. Qc2 Bxd3 19. Qxd3 a4 20. Ne4 Nxe4 21. Rxe4 Rfb8 22. Rh4 g6 23. f4 Qe7 24. Rg4 exf4 25. Rxf4 Rxb2 26. Raf1 Qe2 27. Qh3 Re8 28. R4f2 Qe5 29. Rf7 Qe3+ 30. Qxe3 Rxe3 31. Rxc7 Ree2 32. Rff7 Rxg2+ 33. Kf1 Rxh2 34. Rg7+ Kf8 35. Rgf7+ Ke8 36. Rfe7+ Kd8 37. Red7+ Ke8 38. Re7+ Kf8 39. Rf7+ Kg8 40. Rg7+ Kh8 41. Kg1 Rbg2+ 42. Kf1 Rf2+ 43. Kg1 Rhg2+ 44. Kh1 Rh2+ 45. Kg1 g5 46. Rgd7 Rhg2+ 47. Kh1 Rh2+ 48. Kg1 Rhg2+ 49. Kh1 Rh2+ 50. Kg1 1/2-1/2


[Site "https://www.chess.com"]

[Event "Titled Tuesday Blitz February 07 Early 2023"]
[White "Manukyan, Artyom"]
[Black "Miszler, Levente"]
[WhiteFideId "13305786"]
[BlackFideId "763276"]
[WhiteElo "2110"]
[BlackElo "2271"]
[Result "0-1"]
[Round "04"]
[TimeControl "180+2"]
[Date "2023.02.07"]
[WhiteClock "0:00:04"]
[BlackClock "0:00:43"]

1. e4 Nc6 2. Nf3 d6 3. d4 Nf6 4. Nc3 g6 5. Be3 Bg7 6. Qd2 O-O 7. O-O-O Bg4 8. Be2 Bxf3 9. gxf3 e5 10. d5 Ne7 11. h4 Nh5 12. Rdg1 f5 13. exf5 Nxf5 14. Bg5 Qd7 15. Ne4 Nd4 16. Ng3 Nf4 17. Bd1 h6 18. Bxf4 Rxf4 19. Ne4 Qf5 20. Rg3 Nxf3 21. Bxf3 Rxf3 22. Rxf3 Qxf3 23. Re1 Rf8 24. Kb1 Qf4 25. Qb4 Qxh4 26. Qxb7 Rf4 27. Qc8+ Kh7 28. Nc3 Qxf2 29. Rc1 Qb6 30. a3 e4 31. Qd7 Rf3 32. Ka2 e3 33. Rb1 Qd4 34. Qxc7 e2 35. Nxe2 Qxd5+ 36. c4 Qe5 37. Nc3 Rf2 38. Qa5 Qxa5 0-1


[Site "https://www.chess.com"]

[Event "Titled Tuesday Blitz February 07 Early 2023"]
[White "Chakravarthi Reddy, M"]
[Black "Berezin, Viktor"]
[WhiteFideId "25009532"]
[BlackFideId "14107872"]
[WhiteElo "2279"]
[BlackElo "2307"]
[Result "0-1"]
[Round "04"]
[TimeControl "180+2"]
[Date "2023.02.07"]
[WhiteClock "0:00:33"]
[BlackClock "0:01:41"]

1. c4 Nf6 2. Nc3 g6 3. d4 d6 4. e4 Bg7 5. Nf3 O-O 6. Be2 e5 7. O-O Na6 8. dxe5 dxe5 9. Qc2 Qe8 10. a3 c6 11. h3 Nh5 12. Rd1 Nf4 13. Bxf4 exf4 14. b4 Qe7 15. b5 Nc5 16. Rab1 Bd7 17. Nd2 Ne6 18. Nb3 Rfd8 19. Rd2 Bh6 20. f3 Bg7 21. Rbd1 Be8 22. Na4 Rxd2 23. Qxd2 Qxa3 24. Nb6 axb6 0-1


[Site "https://www.chess.com"]

[Event "Titled Tuesday Blitz February 07 Early 2023"]
[White "Lacasa Diaz, Jose Antonio"]
[Black "Lehtosaari, Mauri"]
[WhiteFideId "2203375"]
[BlackFideId "501999"]
[WhiteElo "2359"]
[BlackElo "2176"]
[Result "1-0"]
[Round "04"]
[TimeControl "180+2"]
[Date "2023.02.07"]
[WhiteClock "0:00:59"]
[BlackClock "0:00:17"]

1. e4 d5 2. exd5 Qxd5 3. Nc3 Qe5+ 4. Nge2 c6 5. d4 Qa5 6. Bd2 Nf6 7. Ng3 Bg4 8. Be2 Bxe2 9. Qxe2 e6 10. O-O-O Be7 11. Kb1 Qc7 12. h4 h6 13. h5 Nbd7 14. Rhe1 O-O-O 15. Qf3 Rhf8 16. Nf5 exf5 17. Rxe7 Qd6 18. Ree1 Qxd4 19. Bxh6 Qg4 20. Qxg4 Nxg4 21. Bxg7 Nxf2 22. Rd2 Rg8 23. h6 Ng4 24. Re7 Ndf6 25. Rxd8+ Kxd8 26. Rxf7 Ke8 27. Rxb7 Kd8 28. Rb8+ 1-0


[Site "https://www.chess.com"]

[Event "Titled Tuesday Blitz February 07 Early 2023"]
[White "Rose, Felix"]
[Black "Vivas Zamora, Fabian Ernesto"]
[WhiteFideId "5105722"]
[BlackFideId "3902480"]
[WhiteElo "2091"]
[BlackElo "2346"]
[Result "1/2-1/2"]
[Round "04"]
[TimeControl "180+2"]
[Date "2023.02.07"]
[WhiteClock "0:00:28"]
[BlackClock "0:00:20"]

1. e4 e5 2. Nf3 Nc6 3. Bb5 Nf6 4. O-O Nxe4 5. d4 Nd6 6. dxe5 Nxb5 7. a4 d6 8. axb5 Nxe5 9. Re1 Be7 10. Nxe5 dxe5 11. Qxd8+ Bxd8 12. Rxe5+ Be6 13. Nc3 Bf6 14. Rc5 Kd7 15. Bf4 Rhc8 16. Rd1+ Ke8 17. Rxc7 Rxc7 18. Bxc7 Rc8 19. b6 axb6 20. Bxb6 Bxc3 21. bxc3 Rxc3 22. Rd8+ Ke7 23. Rd2 Bf5 24. Bd4 Rxc2 25. Rxc2 Bxc2 26. Bxg7 b5 27. Bc3 Kd6 28. Kf1 Kc5 29. Ke2 b4 30. Bf6 Kc4 31. Kd2 Bd3 32. h4 Bf1 33. g4 Bh3 34. g5 Bg4 35. Kc2 Bh5 36. f4 Bg6+ 37. Kb2 Bf5 38. h5 Be6 39. Be7 b3 40. h6 Kd3 41. Bf6 Ke4 42. Be5 Kf5 43. Bb8 Bd5 44. Bc7 f6 45. Bd8 fxg5 46. fxg5 Kg6 47. Bf6 Bf7 48. Kc3 Be6 49. Kb2 Bf7 50. Kc3 Be6 51. Kb2 Bf7 1/2-1/2


[Site "https://www.chess.com"]

[Event "Titled Tuesday Blitz February 07 Early 2023"]
[White "Defend, Balint"]
[Black "JonSnowNW1"]
[WhiteFideId "17004853"]
[WhiteElo "1673"]
[BlackElo "2329"]
[Result "1-0"]
[Round "04"]
[TimeControl "180+2"]
[Date "2023.02.07"]
[WhiteClock "0:01:54"]
[BlackClock "0:00:02"]

1. e4 c6 2. d4 d5 3. e5 Bf5 4. h4 h5 5. Bd3 Qa5+ 6. Bd2 Qb6 7. Bxf5 e6 8. Bd3 Qxb2 9. Bc3 Bb4 10. Qd2 Bxc3 11. Qxc3 Qc1+ 12. Ke2 Qf4 13. g3 Qg4+ 14. Nf3 c5 15. Qxc5 Nc6 16. Nd2 Nge7 17. c3 b6 18. Qa3 O-O 19. Nf1 f6 20. Ne3 Qxf3+ 21. Kxf3 fxe5+ 22. Ke2 exd4 23. cxd4 Nxd4+ 24. Kf1 Nec6 25. Kg2 Ne5 26. Rad1 Rf6 27. Qd6 Nec6 28. Nxd5 exd5 29. Qxd5+ Kh8 30. Qxh5+ Rh6 31. Qd5 Rf8 32. Be4 Rhf6 33. Rxd4 Rxf2+ 34. Kh3 Ne5 35. Qxe5 1-0


[Site "https://www.chess.com"]

[Event "Titled Tuesday Blitz February 07 Early 2023"]
[White "Schut, Han"]
[Black "Bethke, Richard"]
[WhiteFideId "1005561"]
[BlackFideId "12959243"]
[WhiteElo "2101"]
[BlackElo "2382"]
[Result "0-1"]
[Round "04"]
[TimeControl "180+2"]
[Date "2023.02.07"]
[WhiteClock "0:00:53"]
[BlackClock "0:01:55"]

1. e4 c6 2. d4 d5 3. e5 c5 4. dxc5 e6 5. a3 Bxc5 6. b4 Bb6 7. Bb2 Ne7 8. c4 dxc4 9. Qxd8+ Bxd8 10. Bxc4 Nbc6 11. Nf3 O-O 12. O-O Ng6 13. Nbd2 Bc7 14. Rfe1 Rd8 15. Rad1 b6 16. g3 Bb7 17. h4 Rac8 18. h5 Ngxe5 19. Nxe5 Nxe5 20. Bxe5 Bxe5 21. Bxe6 fxe6 22. Rxe5 Rxd2 23. Rxd2 Rc1+ 24. Kh2 Rh1# 0-1


[Site "https://www.chess.com"]

[Event "Titled Tuesday Blitz February 07 Early 2023"]
[White "Prudnykova, Olga"]
[Black "Kochetov, Andrey"]
[WhiteFideId "14121093"]
[BlackFideId "24130532"]
[WhiteElo "2268"]
[BlackElo "2165"]
[Result "0-1"]
[Round "04"]
[TimeControl "180+2"]
[Date "2023.02.07"]
[WhiteClock "0:00:11"]
[BlackClock "0:00:03"]

1. e4 e5 2. d4 exd4 3. Qxd4 Nc6 4. Qc4 Nf6 5. Nc3 Bb4 6. Bg5 h6 7. Bh4 d6 8. O-O-O Be6 9. Nd5 g5 10. Bg3 Bc5 11. h4 g4 12. Qe2 Nd4 13. Qe1 c6 14. Nxf6+ Qxf6 15. e5 Qg6 16. Bd3 Bf5 17. exd6+ Kf8 18. Qe7+ Kg8 19. Be5 Kh7 20. Bxd4 Bxd4 21. Bxf5 Qxf5 22. Rxd4 Rhe8 23. Qxb7 Re1+ 24. Kd2 Qxf2+ 25. Kc3 Re3+ 26. Rd3 Qf6+ 27. Kd2 Qf2+ 28. Kc3 Qe1+ 29. Kb3 Ree8 30. Qxf7+ Kh8 31. Qf6+ Kh7 32. Nf3 Rab8+ 33. Kc4 Qb4# 0-1


[Site "https://www.chess.com"]

[Event "Titled Tuesday Blitz February 07 Early 2023"]
[White "Toncheva, Nadya"]
[Black "Theytookourjobs"]
[WhiteFideId "2924056"]
[WhiteElo "2295"]
[BlackElo "2291"]
[Result "1-0"]
[Round "04"]
[TimeControl "180+2"]
[Date "2023.02.07"]
[WhiteClock "0:01:03"]
[BlackClock "0:00:03"]

1. e4 e6 2. d4 d5 3. Nd2 Be7 4. Ngf3 Nf6 5. e5 Nfd7 6. Bd3 c5 7. c3 Nc6 8. O-O Qb6 9. Re1 cxd4 10. Nb1 Qc7 11. Bf4 f5 12. exf6 Qxf4 13. fxe7 e5 14. Bb5 d3 15. Qxd3 a6 16. Bxc6 bxc6 17. Qc2 Qf6 18. c4 Qxe7 19. cxd5 cxd5 20. Qc6 Rb8 21. Rxe5 Rxb2 22. Rxe7+ Kxe7 23. Nc3 Bb7 24. Nxd5+ Kd8 25. Qc7+ 1-0


[Site "https://www.chess.com"]

[Event "Titled Tuesday Blitz February 07 Early 2023"]
[White "Wilson, Elvin"]
[Black "Slade, Theodore"]
[WhiteFideId "2014874"]
[BlackFideId "426547"]
[WhiteElo "2183"]
[BlackElo "1995"]
[Result "1/2-1/2"]
[Round "04"]
[TimeControl "180+2"]
[Date "2023.02.07"]
[WhiteClock "0:00:02"]
[BlackClock "0:00:07"]

1. c4 e6 2. g3 d5 3. Bg2 Nf6 4. Nf3 Be7 5. O-O O-O 6. b3 d4 7. Bb2 c5 8. Ne5 Qc7 9. f4 Nfd7 10. Na3 Nxe5 11. Nb5 Qb6 12. fxe5 a6 13. Na3 Nc6 14. e3 Nxe5 15. Nc2 Nd3 16. Rb1 Bd7 17. Ba1 Bf6 18. Qe2 Nb4 19. Nxb4 Qxb4 20. Rxf6 gxf6 21. exd4 cxd4 22. Qg4+ Kh8 23. Bxd4 e5 24. Qxd7 exd4 25. Qf5 Rg8 26. Qxf6+ Rg7 27. Qxd4 Re8 28. Rf1 Qe7 29. Bd5 Kg8 30. Kg2 Qd7 31. Rf2 Re7 32. a4 Rg4 33. Qd3 Rg5 34. a5 Rge5 35. Qf3 Re1 36. Qf6 R1e5 37. Qf3 Re1 38. d4 Qe8 39. Qf6 R1e2 40. Qg5+ Kf8 41. Qh6+ Kg8 42. Qg5+ Kf8 43. Qh6+ Kg8 44. Qg5+ 1/2-1/2


[Site "https://www.chess.com"]

[Event "Titled Tuesday Blitz February 07 Early 2023"]
[White "Afanasieva, Alexandra"]
[Black "matenitian"]
[WhiteFideId "34126926"]
[WhiteElo "1857"]
[BlackElo "2479"]
[Result "1-0"]
[Round "04"]
[TimeControl "180+2"]
[Date "2023.02.07"]
[WhiteClock "0:00:05"]
[BlackClock "0:00:02"]

1. e4 e5 2. Nf3 Nc6 3. Bb5 a6 4. Ba4 Nge7 5. O-O g6 6. c3 Bg7 7. d4 exd4 8. cxd4 O-O 9. Bg5 h6 10. Be3 d5 11. exd5 Nxd5 12. Nc3 Nxe3 13. fxe3 b5 14. Bc2 Bb7 15. Qd2 Qe7 16. Rfe1 Rad8 17. Rad1 Nb4 18. Bb1 c5 19. a3 Bxf3 20. gxf3 Qg5+ 21. Qg2 Qxg2+ 22. Kxg2 cxd4 23. exd4 Nc6 24. d5 Ne5 25. Ba2 g5 26. d6 Rd7 27. Nd5 Rfd8 28. Ne7+ Kf8 29. Nf5 Ng6 30. Re7 Be5 31. Re1 Bxd6 32. R7e4 Nf4+ 33. Kh1 Bc5 34. Nxh6 1-0


[Site "https://www.chess.com"]

[Event "Titled Tuesday Blitz February 07 Early 2023"]
[White "Bobomurodova, Maftuna"]
[Black "Tokman, Ariel"]
[WhiteFideId "14207400"]
[BlackFideId "117420"]
[WhiteElo "1946"]
[BlackElo "2330"]
[Result "1-0"]
[Round "04"]
[TimeControl "180+2"]
[Date "2023.02.07"]
[WhiteClock "0:00:38"]
[BlackClock "0:00:30"]

1. e4 Nf6 2. e5 Nd5 3. d4 d6 4. c4 Nb6 5. Nf3 g6 6. Nc3 Bg7 7. exd6 cxd6 8. h3 O-O 9. Be2 Nc6 10. O-O Bf5 11. Be3 Rc8 12. Rc1 d5 13. c5 Nc4 14. b3 Nxe3 15. fxe3 Bh6 16. Qd2 e5 17. Nd1 exd4 18. Nxd4 Nxd4 19. Qxd4 Be6 20. Bf3 Qa5 21. a4 b6 22. c6 Bg7 23. Qd3 Qb4 24. Nf2 Bf5 25. Qxd5 Rfd8 26. Qb5 Qd2 27. c7 Rd7 28. Rcd1 Qa5 29. Rxd7 Qxb5 30. Rd8+ 1-0


[Site "https://www.chess.com"]

[Event "Titled Tuesday Blitz February 07 Early 2023"]
[White "Mendez Machado, Andre"]
[Black "Shuvalov, Evgenij"]
[WhiteFideId "6603793"]
[BlackFideId "4187237"]
[WhiteElo "1974"]
[BlackElo "2038"]
[Result "1/2-1/2"]
[Round "04"]
[TimeControl "180+2"]
[Date "2023.02.07"]
[WhiteClock "0:00:21"]
[BlackClock "0:00:56"]

1. e4 e6 2. d4 d5 3. Nd2 c5 4. exd5 exd5 5. Bb5+ Nc6 6. Ngf3 Qe7+ 7. Qe2 Qxe2+ 8. Bxe2 Bf5 9. c3 cxd4 10. Nxd4 Nxd4 11. cxd4 a6 12. O-O Bd6 13. Bf3 Ne7 14. Nb1 Bxb1 15. Rxb1 Rc8 16. Bd2 h5 17. Rfc1 Rxc1+ 18. Rxc1 Kd7 19. h3 g6 20. Bg5 Rc8 21. Rxc8 Kxc8 22. Bxe7 Bxe7 23. Bxd5 f6 24. Bf7 g5 25. Bxh5 Kc7 26. Kf1 Kd6 27. Ke2 b6 28. Kd3 a5 29. Be8 f5 30. Bg6 Ke6 31. g4 fxg4 32. hxg4 Bd6 33. Ke4 Bf4 34. f3 Kd6 35. b3 Bc1 36. Be8 Bf4 37. Bb5 Bc1 38. Bc4 Bf4 39. Kf5 Bc1 40. d5 Bf4 41. a4 Bc1 42. Kf6 Bf4 43. Kf7 Be3 44. Ke8 Bf4 45. Kd8 Be3 46. Kc8 Bc5 47. Kb7 Be3 48. Ka6 Bc5 49. Kb5 Be3 50. b4 axb4 51. Kxb4 Bf4 52. Kc3 Be5+ 53. Kd3 Bf4 54. Ke4 Bc1 55. Bb5 Bf4 56. Bc6 Bc1 57. Kf5 Bf4 58. Ke4 Bc1 59. Kd3 Bf4 60. Kc4 Bc1 61. Kb5 Be3 62. a5 bxa5 63. Kxa5 Bf4 64. Kb5 Be3 65. Kc4 Bf4 66. Kd3 Bc1 67. Ke4 Bf4 68. Bd7 Bc1 69. Be6 Bf4 70. Kf5 Bc1 71. Kg6 Bf4 72. Kh5 Bc1 73. Kg6 Bf4 74. Kf6 Bc1 75. Kf5 Bf4 76. Ke4 Bc1 77. Bc8 Bf4 78. Bf5 Bc1 79. f4 Bxf4 80. Be6 Bc1 81. Bf5 Bf4 82. Be6 Bc1 83. Bf5 Bf4 1/2-1/2


[Site "https://www.chess.com"]

[Event "Titled Tuesday Blitz February 07 Early 2023"]
[White "Fiorito, Francisco"]
[Black "Gharamian, Tigran"]
[WhiteFideId "180165"]
[BlackFideId "13301527"]
[WhiteElo "2305"]
[BlackElo "2601"]
[Result "1-0"]
[Round "04"]
[TimeControl "180+2"]
[Date "2023.02.07"]
[WhiteClock "0:01:10"]
[BlackClock "0:00:24"]

1. d4 Nf6 2. Nc3 d5 3. Bf4 c5 4. e3 Nc6 5. Nb5 e5 6. dxe5 Ne4 7. e6 Bxe6 8. Nc7+ Kd7 9. Nxd5 Bd6 10. Bxd6 Nxd6 11. Nf3 Bxd5 12. Qxd5 Qf6 13. c3 Kc7 14. Qxc5 Ne4 15. Qc4 Rhe8 16. Be2 Rac8 17. O-O Kb8 18. Qa4 g5 19. Rad1 g4 20. Nd4 Ne5 21. Nb5 a6 22. Nd4 Ng5 23. Kh1 Qh6 24. Nf5 Qg6 25. Nd6 g3 26. fxg3 Ne4 27. Qxe4 1-0


[Site "https://www.chess.com"]

[Event "Titled Tuesday Blitz February 07 Early 2023"]
[White "Bruned, Boris"]
[Black "Danielyan, Vahe"]
[WhiteFideId "621790"]
[BlackFideId "13304828"]
[WhiteElo "2133"]
[BlackElo "2346"]
[Result "1-0"]
[Round "04"]
[TimeControl "180+2"]
[Date "2023.02.07"]
[WhiteClock "0:01:16"]
[BlackClock "0:00:53"]

1. b3 d5 2. Bb2 Bf5 3. e3 Nd7 4. Nf3 e6 5. Be2 Ngf6 6. O-O Bd6 7. d4 O-O 8. c4 c6 9. Ba3 Bxa3 10. Nxa3 a5 11. Nb1 Ne4 12. Nfd2 a4 13. Nxe4 Bxe4 14. Nc3 axb3 15. axb3 Bg6 16. Rxa8 Qxa8 17. Qa1 h5 18. f4 h4 19. h3 Bf5 20. c5 b6 21. cxb6 Nxb6 22. Na4 Qxa4 23. bxa4 Ra8 24. a5 Nc4 25. Bxc4 dxc4 26. Qc3 Bd3 27. Rd1 Ra6 28. Rd2 Ra8 29. Rb2 g6 30. Rb6 1-0


[Site "https://www.chess.com"]

[Event "Titled Tuesday Blitz February 07 Early 2023"]
[White "Vagman, Roy"]
[Black "Lesbekova, Assel"]
[WhiteFideId "2828995"]
[BlackFideId "13713248"]
[WhiteElo "2273"]
[BlackElo "1772"]
[Result "1-0"]
[Round "04"]
[TimeControl "180+2"]
[Date "2023.02.07"]
[WhiteClock "0:02:19"]
[BlackClock "0:01:29"]

1. c4 f5 2. Nc3 e5 3. g3 Nf6 4. Bg2 g6 5. d3 Bg7 6. Nf3 Nc6 7. O-O d5 8. cxd5 Nxd5 9. Nxe5 Nxc3 10. Nxc6 Nxd1 11. Nxd8 Nxb2 12. Bxb2 Bxb2 13. Rab1 Kxd8 14. Rxb2 c6 15. Rc1 Kc7 16. d4 Kd6 17. d5 cxd5 18. Rd1 Be6 19. Rxb7 Rhb8 20. Rxh7 Rb2 21. Bf3 Rxa2 22. Rg7 a5 23. Rxg6 Ke5 24. Rxe6+ 1-0


[Site "https://www.chess.com"]

[Event "Titled Tuesday Blitz February 07 Early 2023"]
[White "Buksa, Nataliya"]
[Black "Zampronha, Wladimir Camilo"]
[WhiteFideId "14123622"]
[BlackFideId "2103087"]
[WhiteElo "2406"]
[BlackElo "2176"]
[Result "1-0"]
[Round "04"]
[TimeControl "180+2"]
[Date "2023.02.07"]
[WhiteClock "0:00:04"]
[BlackClock "0:00:01"]

1. d4 Nf6 2. Nc3 e6 3. Bf4 a6 4. e3 c5 5. Nf3 d5 6. Be2 Nc6 7. Ne5 Bd6 8. Nxc6 bxc6 9. Bxd6 Qxd6 10. dxc5 Qxc5 11. O-O Rb8 12. Rb1 O-O 13. a3 e5 14. Na4 Qe7 15. b4 a5 16. c3 Bf5 17. Rb2 Ne4 18. Qc1 axb4 19. axb4 Ra8 20. Bd1 c5 21. f3 cxb4 22. fxe4 Bxe4 23. Rxb4 Qg5 24. Bf3 Bxf3 25. Rxf3 Ra6 26. Qf1 Rc6 27. Nb6 Qd8 28. c4 Rxb6 29. Rxb6 Qxb6 30. cxd5 e4 31. Rg3 Rd8 32. Qc4 Qd6 33. Rg4 f5 34. Rf4 Qxd5 35. Qxd5+ Rxd5 36. g4 g6 37. gxf5 gxf5 38. Rh4 Kg7 39. Kg2 Rd6 40. Kg3 Rg6+ 41. Kf4 Kf6 42. h3 h6 43. Rh5 Ke6 44. Rxf5 Rg1 45. Rh5 Rg6 46. Kxe4 Kf6 47. Kf4 Ke6 48. Ra5 Rf6+ 49. Kg4 Rf1 50. Ra6+ Kf7 51. Rxh6 Re1 52. Kf4 Rf1+ 53. Ke4 Rh1 54. Ke5 Kg7 55. Rh4 Ra1 56. e4 Ra5+ 57. Kf4 Kg6 58. Rg4+ Kf6 59. Rg8 Kf7 60. Rh8 Ra1 61. Rh7+ Kg6 62. Rb7 Rf1+ 63. Ke5 Rh1 64. Rb3 Kf7 65. Rf3+ Ke7 66. Kf5 Ra1 67. e5 Ra8 68. Rb3 Rf8+ 69. Ke4 Rh8 70. Kd5 Rd8+ 71. Ke4 Rh8 72. Rf3 Rh4+ 73. Kd5 Rh8 74. Rg3 Rd8+ 75. Ke4 Rh8 76. Kf5 Rf8+ 77. Kg5 Rg8+ 78. Kf4 Rf8+ 79. Ke4 Rh8 80. Rf3 Rh4+ 81. Kf5 Rh8 82. Kg6 Rg8+ 83. Kh7 Rg5 84. Re3 Ke6 85. Kh6 Rg2 86. h4 Rg1 87. h5 Rg4 88. Kh7 Rg1 89. h6 Rg5 90. Kh8 Rg4 91. h7 Ke7 92. Ra3 Rg5 93. Ra7+ Kf8 94. Ra5 Ke7 95. Rd5 Rg4 96. Rb5 Rg5 97. Rb7+ Kf8 98. e6 Rg4 99. Rf7+ Ke8 100. Rg7 Rh4 101. Kg8 1-0


[Site "https://www.chess.com"]

[Event "Titled Tuesday Blitz February 07 Early 2023"]
[White "Fajdetic, Hrvoje"]
[Black "Aarav Dengla"]
[WhiteFideId "14501945"]
[BlackFideId "45059756"]
[WhiteElo "2151"]
[BlackElo "2343"]
[Result "0-1"]
[Round "04"]
[TimeControl "180+2"]
[Date "2023.02.07"]
[WhiteClock "0:00:07"]
[BlackClock "0:00:19"]

1. d4 d5 2. Bf4 c5 3. e3 Nf6 4. Nc3 e6 5. Nb5 Na6 6. c3 Be7 7. a4 O-O 8. Nf3 Nh5 9. Be5 f6 10. Bg3 Nxg3 11. hxg3 cxd4 12. exd4 Nc7 13. Bd3 g6 14. Qc2 Kg7 15. O-O-O Bd7 16. Rh2 a6 17. Nxc7 Qxc7 18. Rdh1 Rh8 19. Nh4 f5 20. Nf3 b5 21. Ne5 b4 22. g4 bxc3 23. bxc3 Bxa4 24. Qxa4 Qxc3+ 25. Qc2 Qxd4 26. Nc6 Qf4+ 27. Kd1 Rac8 28. gxf5 exf5 29. Nxe7 Rxc2 30. Bxc2 Qd4+ 31. Kc1 Qf4+ 32. Kd1 Qd4+ 33. Kc1 Qa1+ 34. Kd2 Qa5+ 35. Kd1 Qc7 36. Nxd5 Qc5 37. Bb3 Qd4+ 38. Kc2 Qxf2+ 39. Kb1 Qg3 40. Rh3 Qxg2 41. Nc3 a5 42. R1h2 Qg1+ 43. Kb2 h5 44. Bc2 Rb8+ 45. Ka2 Qc1 46. Bb3 g5 47. Na4 h4 48. Rc3 Qf4 49. Rhc2 h3 50. Nc5 Re8 51. Ne6+ Rxe6 52. Bxe6 h2 53. Bb3 h1=Q 54. Rc6 Qxc6 55. Rxc6 g4 56. Rc2 g3 57. Rd2 Qxd2+ 0-1


[Site "https://www.chess.com"]

[Event "Titled Tuesday Blitz February 07 Early 2023"]
[White "Alhadad, Mahmoud"]
[Black "Toczek, Grzegorz"]
[WhiteFideId "11501863"]
[BlackFideId "1106457"]
[WhiteElo "1840"]
[BlackElo "2260"]
[Result "1/2-1/2"]
[Round "04"]
[TimeControl "180+2"]
[Date "2023.02.07"]
[WhiteClock "0:01:34"]
[BlackClock "0:01:05"]

1. e4 d6 2. d4 Nf6 3. Nc3 e5 4. d5 a5 5. a4 Na6 6. f3 Be7 7. Bxa6 Rxa6 8. Be3 Ra8 9. Qd2 c5 10. Nb5 Bd7 11. c4 Bxb5 12. axb5 b6 13. g4 Nd7 14. Ne2 h6 15. Kd1 Bg5 16. Kc2 Bxe3 17. Qxe3 Qg5 18. Kd3 Ke7 19. Ng3 g6 20. h4 Qxe3+ 21. Kxe3 Nf6 22. b3 Raf8 23. h5 Ne8 24. Ra2 g5 25. Nf5+ Kf6 26. Ra4 Rfg8 27. Rha1 Rf8 1/2-1/2


[Site "https://www.chess.com"]

[Event "Titled Tuesday Blitz February 07 Early 2023"]
[White "Vaglio Munoz, Jaime"]
[Black "Tymrakiewicz, Rafal"]
[WhiteFideId "6500145"]
[BlackFideId "1108832"]
[WhiteElo "2174"]
[BlackElo "2144"]
[Result "0-1"]
[Round "04"]
[TimeControl "180+2"]
[Date "2023.02.07"]
[WhiteClock "0:01:15"]
[BlackClock "0:00:39"]

1. d4 Nf6 2. g3 d6 3. Bg2 e5 4. c3 Be7 5. Nf3 e4 6. Ng5 d5 7. h4 O-O 8. Bf4 c6 9. Nd2 Bf5 10. Bxb8 Rxb8 11. e3 b5 12. b4 a5 13. Nb3 axb4 14. cxb4 Bxb4+ 15. Kf1 Ra8 16. Qc2 Bd7 17. Bh3 Qb6 18. Kg2 h6 19. Bxd7 Nxd7 20. Nh3 Rfc8 21. Nf4 Bd6 22. Qe2 Bxf4 23. gxf4 Ra4 24. Qg4 Nf6 25. Qf5 Rca8 26. Rhg1 Kf8 27. Kh3 Qd8 28. Nc5 Rxa2 29. Nb7 Qd7 30. Rxa2 Qxf5+ 31. Kg3 Rxa2 32. Nd6 Qg4+ 33. Kh2 Rxf2+ 34. Rg2 Qxg2# 0-1


[Site "https://www.chess.com"]

[Event "Titled Tuesday Blitz February 07 Early 2023"]
[White "Khamdamova, Afruza"]
[Black "Onslow, Alfie"]
[WhiteFideId "14210444"]
[BlackFideId "436976"]
[WhiteElo "2162"]
[BlackElo "2157"]
[Result "1-0"]
[Round "04"]
[TimeControl "180+2"]
[Date "2023.02.07"]
[WhiteClock "0:00:08"]
[BlackClock "0:00:01"]

1. e4 c5 2. Nf3 Nc6 3. d4 cxd4 4. Nxd4 e5 5. Nb5 d6 6. c4 Be7 7. Be3 Nf6 8. N1c3 a6 9. Na3 O-O 10. Be2 Be6 11. O-O Nd7 12. Rc1 f5 13. exf5 Bxf5 14. Bg4 Bxg4 15. Qxg4 Nf6 16. Qe6+ Kh8 17. Rfd1 Qc8 18. Qxc8 Raxc8 19. h3 Nb4 20. b3 Rfd8 21. Bb6 Rd7 22. Nab1 d5 23. a3 d4 24. axb4 dxc3 25. Nxc3 Bxb4 26. Na4 Kg8 27. Be3 Rcd8 28. Rxd7 Rxd7 29. Bc5 Bxc5 30. Nxc5 Rc7 31. b4 Kf7 32. Re1 e4 33. Nxe4 Nxe4 34. Rxe4 Rd7 35. Rf4+ Ke6 36. Re4+ Kf5 37. Re8 Rd1+ 38. Kh2 Rc1 39. Rc8 Rc2 40. Kg3 Rc3+ 41. f3 Rb3 42. Rc5+ Kf6 43. b5 axb5 44. cxb5 Rb4 45. h4 g6 46. Kh3 h6 47. g4 Rb3 48. Kg3 g5 49. hxg5+ hxg5 50. Rf5+ Kg6 51. Rd5 Rb2 52. Rd6+ Kg7 53. b6 Rb3 54. Rd7+ Kf6 55. Rxb7 Ke5 56. Rg7 Kf6 57. Rh7 Kg6 58. Rb7 Kf6 59. Rb8 Ke6 60. b7 Kf7 61. Rh8 Kg7 62. b8=Q 1-0


[Site "https://www.chess.com"]